Map: New Repugnancy LE

Players

MobileOne

  • Race: Terran Terran
  • League: Diamond
  • Spawn Location: 7:00

Sly - Winner!

  • Race: Zerg Zerg
  • League: Diamond
  • Spawn Location: 1:00

VOD

Have the link to the VOD?

Description

Time

  • Played on: July 5, 2019, 6:41 p.m.
  • Length: 8:50
Show
View Real Time Build Order
Export as new Build Order

MobileOne Terran 

Build Orders:  

Get SALT Encoding   

  12  0:01  SCV  
  14  0:19  SCV  
  14  0:20  Supply Depot  
  14  0:31  SCV  
  15  0:47  Barracks  
  15  0:51  Barracks  
  15  1:00  SCV  
  16  1:11  Barracks  
  16  1:18  SCV  
  17  1:27  Supply Depot  
  17  1:35  Marine  
  18  1:46  Marine  
  19  1:50  Barracks  
  19  1:56  Marine  
  19  1:58  Orbital Command  
  20  2:03  Marine  
  20  2:06  Marine  
  22  2:17  Barracks  
  22  2:19  Marine  
  23  2:22  Marine  
  23  2:28  SCV  
  25  2:33  Supply Depot  
  25  2:35  Marine  
  26  2:42  Marine  
  27  2:44  Marine  
  27  2:45  Marine  
  29  2:53  Marine  
  29  2:56  Supply Depot  
  30  3:01  Marine  
  30  3:02  Marine  
  32  3:07  Marine x2  
  32  3:11  Marine  
  35  3:19  Marine  
  36  3:20  Marine  
  36  3:25  Marine  
  38  3:35  Marine x2  
  38  3:37  Marine  
  38  3:38  Marine  
  40  3:43  Marine  
  39  3:53  Marine x2  
  39  3:55  Marine x2  
  41  4:00  Marine  
  35  4:11  Marine x2  
  35  4:13  Marine x2  
  28  4:23  Supply Depot  
  21  4:46  Marine  
  21  5:04  Marine  
  22  5:22  Marine  
  23  5:39  Marine  
  24  5:54  Barracks  
  24  5:55  Barracks  
  24  5:57  Barracks x2  
  24  5:58  Barracks  
  24  5:59  Marine  
  25  6:18  Marine  
  26  6:19  Marine  
  26  6:21  Marine  
  26  6:22  Marine  
  26  6:25  Marine  
  30  6:36  Marine  
  30  6:37  Marine  
  30  6:39  Marine  
  33  6:44  Marine x2  
  33  6:45  Marine x3  
  38  6:54  Marine x3  
  26  7:08  Marine x3  
  25  7:11  Marine  
  25  7:12  Marine  
  27  7:19  Marine  
  15  7:25  Marine  
  15  7:26  Marine  
  11  7:30  Marine x2  
Show
View Real Time Build Order
Export as new Build Order

Sly Zerg - Winner!

Build Orders: Hatch First 

Get SALT Encoding   

  12  0:02  Drone  
  13  0:16  Overlord  
  13  0:18  Drone  
  14  0:35  Drone x2  
  16  0:39  Drone  
  17  0:54  Hatchery  
  16  0:57  Drone  
  16  1:00  Drone  
  18  1:11  Extractor  
  18  1:15  Spawning Pool  
  16  1:18  Drone  
  16  1:22  Drone  
  18  1:33  Drone  
  19  1:43  Drone  
  20  1:56  Overlord  
  20  2:07  Zergling x4  
  20  2:08  Queen x2  
  26  2:16  Zergling x2  
  26  2:17  Metabolic Boost  
  27  2:35  Hatchery, Drone  
  27  2:38  Drone  
  27  2:42  Drone  
  29  2:44  Drone  
  30  2:58  Overlord  
  30  3:01  Queen  
  30  3:02  Drone  
  33  3:10  Zergling x6  
  36  3:20  Baneling Nest  
  26  3:48  Zergling x2  
  26  3:49  Zergling x14  
  32  3:57  Zergling x4  
  24  4:15  Drone x2  
  22  4:26  Drone x2  
  24  4:32  Drone  
  24  4:35  Drone  
  25  4:46  Drone x2  
  27  5:00  Drone x2  
  27  5:01  Drone x3  
  32  5:14  Drone x4  
  35  5:17  Drone x2  
  38  5:33  Drone, Baneling Nest  
  38  5:34  Drone x2  
  38  5:35  Drone  
  41  5:44  Overlord  
  41  5:45  Overlord x2  
  41  6:06  Zergling x14  
  41  6:10  Drone  
  49  6:16  Drone  
  49  6:17  Queen  
  49  6:18  Queen  
  54  6:19  Overlord  
  54  6:30  Baneling  
  54  6:31  Baneling x3  
  54  6:32  Baneling  
  54  6:36  Zergling x2  
  54  6:37  Zergling x6  
  54  6:38  Queen  
  60  6:40  Overlord  
  60  6:42  Baneling  
  56  7:04  Zergling x16  
  61  7:15  Zergling x4  
  61  7:18  Drone  
  48  7:46  Zergling x14  
  51  7:58  Zergling x22  
  60  8:06  Drone  
  60  8:12  Drone x2  
  62  8:18  Baneling x3  
  62  8:19  Baneling  
  62  8:23  Baneling x3  
  62  8:28  Drone x2  
  62  8:29  Drone x2  
Tags
 
Add a new tag
Caveats
  • Supply blocks, unpowered buildings, or Contaminate may cause inaccurate times.
  • Supply counts are checked every 10 seconds.